 Dungeon Crawl Stone Soup version 0.19.5 (webtiles) character file.

133 equalderp2856 the Skirmisher (level 4, -5/35 HPs)
             Began as a Mummy Fighter on Mar 30, 2017.
             Killed from afar by Natasha (8 damage)
             ... with a magic dart
             ... on level 3 of the Dungeon.
             The game lasted 00:06:44 (2763 turns).

equalderp2856 the Skirmisher (Mummy Fighter)        Turns: 2763, Time: 00:06:45

Health: -5/35      AC: 11    Str: 20    XL:     4   Next: 94%
Magic:  4/4        EV:  3    Int:  7    God:
Gold:   153        SH:  9    Dex: 11    Spells: 0 memorised, 3 levels left

rFire  x . .     SeeInvis .     a - +0 long sword
rCold  + . .     Gourm    .     j - +0 plate armour
rNeg   + + +     Faith    .     c - +0 shield
rPois  ∞         Spirit   .     (no helmet)
rElec  .         Reflect  .     (no cloak)
rCorr  .         Harm     .     (no gloves)
MR     .....                    (no boots)
Stlth  ..........               (no amulet)
                                (no ring)
                                (no ring)

@: no status effects
A: no food or potions, fire vulnerability, cold resistance 1, negative energy
resistance 3, torment resistance, unbreathing
a: no special abilities


You were on level 3 of the Dungeon.
You were not hungry.

You visited 1 branch of the dungeon, and saw 3 of its levels.

You collected 153 gold pieces.

Inventory:

Hand Weapons
 a - a +0 long sword (weapon)
 k - a +0 falchion
Missiles
 e - 48 arrows
Armour
 b - a +0 scale mail
 c - a +0 shield (worn)
 j - a +0 plate armour (worn)
Jewellery
 f - an uncursed amulet of the gourmand
Scrolls
 d - a scroll of remove curse {unknown}
 g - a scroll of recharging
 h - a scroll of magic mapping {unknown}
 i - a scroll of identify


   Skills:
 + Level 3.4 Fighting
 + Level 2.6 Long Blades
 + Level 3.1 Armour
 + Level 0.4 Dodging
 + Level 3.2 Shields


You had 3 spell levels left.
You didn't know any spells.

Dungeon Overview and Level Annotations

Branches:
Dungeon (3/15)

Altars:

Annotations:
D:2 Sigmund
D:3 Natasha


Innate Abilities, Weirdness & Mutations

You do not eat or drink.
Your flesh is vulnerable to fire.
You are immune to poison.
Your flesh is cold resistant. (rC+)
You are immune to negative energy. (rN+++)
You are immune to unholy pain and torment.
You can survive without breathing.


Message History

The crimson imp blinks!
Natasha claws you but does no damage. Natasha casts a spell at you.
The magic dart hits you! The white imp gestures at you.
The puff of frost hits you! You resist.
* * * LOW HITPOINT WARNING * * *
Natasha stares at you and mumbles some strange words.
The magic dart hits you!
You feel yourself speed up.
The white imp disappears in a puff of smoke!
Natasha claws you!
* * * LOW HITPOINT WARNING * * *
You can't drink.
Okay, then.
As you read the scroll labeled LUCINU KIHA, it crumbles to dust.
It is a scroll of recharging.
You aren't carrying any rechargeable items.
Natasha stares at you and mumbles some strange words.
The magic dart hits you!
You die...

#......§...#
#..####..#[
####.###.#..##†.#
##.## #.# #5# .#..)#
#.# #.###.##......
#.# #.##..##...#.##
#.. ##.##5###...#.#
#.. #.............###
#.##
#....h.##.......###.
##.##@.##.....#.....
#.##..#........... .
#.##...........## ..
#.##............# .#
#.#.......).....#..##
#.#....#.##.##.......
#.#..#...##..##......
#(#.....((((.(.....#
##.......###...######


You could see Natasha and 2 crimson imps.

Vanquished Creatures
  Jessica (D:2)
  Terence (D:2)
  An adder (D:2)
  3 worms
  2 leopard geckos
  6 orcs (D:3)
  8 goblins
  4 hobgoblins
  5 jackals (D:2)
  6 kobolds
  10 bats
  3 frilled lizards
  3 rats
53 creatures vanquished.

Notes
Turn   | Place    | Note
-------+----------+-------------------------------------------
     0 | D:1      | equalderp2856 the Mummy Fighter began the quest for the Orb.
     0 | D:1      | Reached XP level 1. HP: 18/18 MP: 1/1
   263 | D:1      | Reached XP level 2. HP: 10/24 MP: 2/2
   874 | D:2      | Reached XP level 3. HP: 29/29 MP: 3/3
   912 | D:2      | Noticed Terence
   929 | D:2      | Killed Terence
  1143 | D:2      | Noticed Jessica
  1146 | D:2      | Killed Jessica
  1146 | D:2      | Reached XP level 4. HP: 35/35 MP: 4/4
  1315 | D:2      | Noticed Sigmund
  1659 | D:3      | Noticed Natasha
  2763 | D:3      | Killed from afar by Natasha

Skill      XL: |  1  2  3  4 |
---------------+-------------+-----
Long Blades    | 2 |  2.6
Shields        | 3 |  3.2
Armour         | 3 |  3.1
Fighting       | |  3.4
Dodging        | |  0.4

Action                   |  1- 3 |  4- 6 || total
-------------------------+-------+-------++-------
Melee: Long sword        |   105 |   143 ||   248
  Use: Scroll            |     2 |     1 ||     3
Armor: Scale mail        |    59 |       ||    59
       Plate armour      |    15 |   131 ||   146
Dodge: Dodged            |    43 |    30 ||    73
Block: Shield            |    79 |    92 ||   171
       Rpst.: Long sword |    13 |     6 ||    19
